 Dungeon Crawl Stone Soup version 0.31.0-11-ge490571c62 (webtiles) character file.

Game seed: 2672393561120476384

541 qw the Skirmisher (level 7, 0/40 HPs)
             Began as a Deep Elf Hunter on Feb 4, 2024.
             Slain by an adder zombie (3 damage)
             ... in an ossuary.
             The game lasted 00:00:15 (2948 turns).

qw the Skirmisher (Deep Elf Hunter)                 Turns: 2948, Time: 00:00:15

Health: 0/40       AC:  8    Str: 10    XL:     7   Next: 5%
Magic:  9/9        EV: 11    Int: 14    God:
Gold:   64         SH:  0    Dex: 18    Spells: 6/6 levels left

rFire   . . .        a - +0 shortbow
rCold   . . .        (shield currently unavailable)
rNeg    . . .        f - +0 ring mail
rPois   .            d - +0 helmet
rElec   .            (no cloak)
rCorr   .            b - +0 pair of gloves
SInv    .            n - +0 pair of boots
Will    .....        (no amulet)
Stlth   +            (no ring)
HPRegen 0.26/turn    (no ring)
MPRegen 0.11/turn

%: no passive effects
@: no status effects
A: no striking features
a: no special abilities


You were in an ossuary.
You visited 1 branch of the dungeon, and saw 4 of its levels.
You also visited: Ossuary.

You collected 196 gold pieces.
You spent 132 gold pieces at shops.


   Skills:
 - Level 2.4 Fighting
 - Level 10.0 Ranged Weapons
 - Level 2.0 Armour
 + Level 2.7 Dodging
 - Level 1.2 Stealth


You had 6 spell levels left.
You didn't know any spells.
Your spell library was empty.

Inventory:

Hand Weapons
 a - a +0 shortbow (weapon)
Armour
 b - a +0 pair of gloves (worn)
 d - a +0 helmet (worn)
 f - a +0 ring mail (worn)
 n - a +0 pair of boots (worn)
Jewellery
 p - a ring of fire
Wands
 j - a wand of mindburst (12)
Potions
 e - 3 potions of curing
 g - a potion of enlightenment
 l - 2 potions of might
 m - a potion of invisibility {unknown}

Dungeon Overview and Level Annotations

Branches:
Dungeon (4/15)            Ossuary (1/1)
 Temple: D:4-7

Altars:

Shops:
D:3 !


Message History

The crocodile zombie is moderately damaged.
You shoot an arrow.
The arrow closely misses the crocodile zombie.
The crocodile zombie completely misses you.
The kobold zombie hits you but does no damage.
An adder zombie comes into view.
You shoot an arrow. The arrow hits the crocodile zombie.
The crocodile zombie is moderately damaged.
The crocodile zombie barely misses you.
The kobold zombie hits you but does no damage.
The adder zombie bites you but does no damage.
You shoot an arrow. The arrow hits the crocodile zombie!
The crocodile zombie is heavily damaged.
The adder zombie barely misses you. The crocodile zombie barely misses you.
The kobold zombie closely misses you.
You shoot an arrow. The arrow hits the crocodile zombie.
The crocodile zombie is severely damaged.
The adder zombie bites you but does no damage.
The crocodile zombie misses you.
You shoot an arrow. The arrow hits the crocodile zombie.
The crocodile zombie is severely damaged.
The kobold zombie hits you but does no damage.
The adder zombie bites you but does no damage.
You shoot an arrow. The arrow hits the crocodile zombie!
The crocodile zombie is almost destroyed.
The crocodile zombie bites you! The adder zombie misses you.
The kobold zombie closely misses you.
A jackal zombie comes into view.
You shoot an arrow. The arrow hits the crocodile zombie!
You destroy the crocodile zombie!
The adder zombie barely misses you. The kobold zombie closely misses you.
You shoot an arrow. The arrow hits the adder zombie!
The adder zombie is heavily damaged.
The adder zombie bites you but does no damage.
The kobold zombie hits you but does no damage.
You shoot an arrow.
The arrow closely misses the adder zombie.
The adder zombie bites you but does no damage.
The adder zombie bites you.
You die...

#..# ##..#
####...#
#####......#
...........#
...........# #
#..Z...#
#...###ZZ..#
#......@#..#
#.####..#..#
#.+#..# ###+...#
..########......#
................#
....\..\........#
#################


You could see an adder zombie, a jackal zombie and a kobold zombie.

Vanquished Creatures
  3 phantoms
  An elf zombie (Ossuary)
  A centaur zombie (Ossuary)
  A scorpion zombie (D:4)
  An orc wizard (D:3)
  A crocodile zombie (Ossuary)
  2 hound zombies
  2 adders
  4 adder zombies
  A dart slug (D:1)
  A ribbon worm (D:2)
  3 orcs
  2 bats
  3 endoplasms
  4 giant cockroaches
  11 goblins
  8 hobgoblins
  2 jackals (D:2)
  4 kobolds
  6 quokkas
  8 ball pythons
  A ball python zombie (Ossuary)
  A frilled lizard (D:1)
  5 jackal zombies (Ossuary)
  2 kobold zombies (Ossuary)
  10 rats
88 creatures vanquished.

Notes
Turn   | Place    | Note
-------+----------+-------------------------------------------
     0 | D:1      | qw the Deep Elf Hunter began the quest for the Orb.
     0 | D:1      | Reached XP level 1. HP: 12/12 MP: 3/3
     0 | D:1      | 0 ||| qw: Version: 0.3-a-160-g6735b56
     0 | D:1      | 0 ||| qw: Game counter: 4377
     0 | D:1      | 0 ||| qw: Melee chars always use a shield: true
     0 | D:1      | 0 ||| qw: God list: Okawaru
     0 | D:1      | 0 ||| qw: Allow faded altars: false
     0 | D:1      | 0 ||| qw: Do Orc after clearing Dungeon:15 true
     0 | D:1      | 0 ||| qw: Do second Lair branch before Depths: true
     0 | D:1      | 0 ||| qw: Lair rune preference: random
     0 | D:1      | 0 ||| qw: Goals: Normal
     0 | D:1      | 0 ||| PLANNING D:1-11
   213 | D:1      | Reached XP level 2. HP: 11/16 MP: 4/4
   216 | D:1      | Reached skill level 6 in Ranged Weapons
   700 | D:1      | 700 ||| UPGRADING to +0 ring mail.
   710 | D:1      | 710 ||| DROPPING +0 leather armour.
   711 | D:1      | 711 ||| READING 2 scrolls labelled JEJURE BUERIT.
   711 | D:1      | 711 ||| IDENTIFYING sedimented coppery potion
   712 | D:1      | 712 ||| READING scroll of identify.
   712 | D:1      | 712 ||| IDENTIFYING glowing cyan potion
   713 | D:1      | 713 ||| READING scroll labelled ZENATSE IMIYT.
   714 | D:1      | 714 ||| DRINKING 2 golden potions.
   715 | D:1      | 715 ||| DROPPING scroll of butterflies.
   716 | D:1      | 716 ||| DROPPING potion of lignification.
   854 | D:2      | Reached XP level 3. HP: 20/20 MP: 5/5
  1126 | D:2      | Reached skill level 7 in Ranged Weapons
  1427 | D:2      | 1427 ||| UPGRADING to +0 helmet.
  1432 | D:2      | 1432 ||| READING scroll labelled CIAROE EWUHYSO.
  1434 | D:2      | 1434 ||| Stepping ~*~*~tactically~*~*~ (cloud).
  1624 | D:3      | Found Bazos's Distillery.
  1643 | D:3      | 1643 ||| BUYING 2 potions of might (96 gold).
  1643 | D:3      | Bought 2 potions of might for 96 gold pieces
  1643 | D:3      | 1643 ||| SHOPLISTING potion of cancellation (96 gold, have
                  | 52).
  1643 | D:3      | 1643 ||| BUYING potion of curing (36 gold).
  1643 | D:3      | Bought a potion of curing for 36 gold pieces
  1643 | D:3      | 1643 ||| SHOPLISTING potion of mutation (96 gold, have 16).
  1845 | D:3      | Reached XP level 4. HP: 20/25 MP: 6/6
  2042 | D:3      | Identified the +0 quarterstaff of Infinite Pain {drain, rN+
                  | Int+2}
  2185 | D:3      | 2185 ||| UPGRADING to +0 pair of gloves.
  2190 | D:3      | 2190 ||| UPGRADING to +0 pair of boots.
  2195 | D:3      | 2195 ||| READING 2 scrolls of identify.
  2195 | D:3      | 2195 ||| IDENTIFYING fuming pink potion
  2196 | D:3      | 2196 ||| READING scroll of identify.
  2196 | D:3      | 2196 ||| IDENTIFYING bubbling purple potion
  2197 | D:3      | 2197 ||| READING scroll labelled TOAJEG SYHUR.
  2198 | D:3      | 2198 ||| DROPPING potion of brilliance.
  2211 | D:4      | Noticed a phantom
  2212 | D:4      | 2212 ||| PLANNING OSSUARY
  2212 | D:4      | 2212 ||| STAIRDANCE
  2238 | D:4      | Noticed a phantom
  2239 | D:4      | 2239 ||| STAIRDANCE
  2245 | D:3      | Reached skill level 8 in Ranged Weapons
  2262 | D:4      | 2262 ||| STAIRDANCE
  2264 | D:3      | 2264 ||| ZAPPING wand of mindburst (21) at 0,-1 (phantom;
                  | floor).
  2265 | D:3      | 2265 ||| ZAPPING wand of mindburst (20) at 0,-1 (phantom;
                  | floor).
  2266 | D:3      | 2266 ||| ZAPPING wand of mindburst (19) at 0,-1 (phantom;
                  | floor).
  2267 | D:3      | 2267 ||| ZAPPING wand of mindburst (18) at 0,-1 (phantom;
                  | floor).
  2268 | D:3      | 2268 ||| ZAPPING wand of mindburst (17) at 0,-1 (phantom;
                  | floor).
  2269 | D:3      | 2269 ||| ZAPPING wand of mindburst (16) at 1,0 (phantom;
                  | floor).
  2270 | D:3      | 2270 ||| ZAPPING wand of mindburst (15) at -1,0 (phantom;
                  | floor).
  2270 | D:3      | Killed a phantom
  2271 | D:3      | Reached XP level 5. HP: 17/29 MP: 7/7
  2332 | D:4      | 2332 ||| RETREEEEATING.
  2333 | D:4      | 2333 ||| RETREEEEATING.
  2334 | D:4      | 2334 ||| RETREEEEATING.
  2337 | D:4      | 2337 ||| ZAPPING wand of mindburst (14) at 1,1 (phantom;
                  | floor).
  2338 | D:4      | 2338 ||| ZAPPING wand of mindburst (13) at 1,1 (phantom;
                  | floor).
  2338 | D:4      | Killed a phantom
  2383 | D:4      | Reached XP level 6. HP: 34/34 MP: 8/8
  2562 | D:4      | Reached skill level 9 in Ranged Weapons
  2585 | D:4      | HP: 6/36 [scorpion zombie (4)]
  2586 | D:4      | 2586 ||| DRINKING potion of heal wounds.
  2722 | D:4      | Found a sand-covered staircase.
  2724 | D:4      | 2724 ||| DROPPING amulet of magic regeneration.
  2725 | D:4      | 2725 ||| READING scroll of identify.
  2725 | D:4      | 2725 ||| IDENTIFYING pink potion
  2726 | D:4      | 2726 ||| READING scroll labelled YRPHUI RODAEZ WOTA.
  2827 | D:4      | 2827 ||| DROPPING potion of magic.
  2835 | Ossuary  | Entered an ossuary
  2933 | Ossuary  | Reached skill level 10 in Ranged Weapons
  2933 | Ossuary  | Reached XP level 7. HP: 24/40 MP: 9/9
  2938 | Ossuary  | HP: 10/40 [crocodile zombie (7)]
  2945 | Ossuary  | HP: 2/40 [crocodile zombie (10)]
  2948 | Ossuary  | Slain by an adder zombie

Levels and vault maps discovered:
D:1:      kilobyte_arrival_exit_the_forest, layout_rooms
D:2:      layout_loops_ring
D:3:      layout_loops_ring, serial_shops, shop, reono_crystal_passage,
          hex_medium, serial_bayou_pond_b
D:4:      layout_rooms, chequers_ossuary_entry_cave, serial_undead,
          serial_undead_d, serial_undead_b, serial_undead_a, serial_undead_e,
          minmay_quadrilaterals
Ossuary:  minmay_ossuary_two_tombs

Skill      XL: |  1  2  3  4  5  6 |
---------------+-------------------+-----
Ranged Weapons | 6 7 8 10 | 10.0
Armour         | 2 |  2.0
Fighting       | 2 |  2.4
Dodging        | |  2.7
Stealth        | |  1.2

Action                     |  1- 3 |  4- 6 |  7- 9 || total
---------------------------+-------+-------+-------++-------
   Fire: Shortbow          |   136 |   162 |    16 ||   314
  Evoke: Wand              |       |     9 |       ||     9
    Use: Scroll            |     4 |     5 |       ||     9
         Potion            |     1 |     1 |       ||     2
 Armour: Leather armour    |     6 |       |       ||     6
         Ring mail         |    28 |   149 |    14 ||   191
  Dodge: Dodged            |    33 |   101 |    12 ||   146

Table legend:
 A = Non-vault XP
 B = Vault XP
 C = Vault XP percentage of total XP
 D = Non-vault monster count
 E = Vault monster count
 F = Vault count percentage of total count
                 A         B        C        D         E       F
            +---------+---------+-------+---------+---------+-------
      Total |     284 |     489 |  63.3 |      65 |      23 |  26.1
            +---------+---------+-------+---------+---------+-------
        D:1 |      33 |       0 |   0.0 |      18 |       0 |   0.0
        D:2 |      40 |       0 |   0.0 |      22 |       0 |   0.0
        D:3 |      74 |     104 |  58.4 |      15 |       4 |  21.1
        D:4 |     137 |     179 |  56.6 |      10 |       6 |  37.5
    Ossuary |       0 |     206 | 100.0 |       0 |      13 | 100.0
            +---------+---------+-------+---------+---------+-------
